 Dungeon Crawl Stone Soup version 0.28.0-43-g3370ac3207 (webtiles) character file.

Game seed: 1432392117331704472

70 zeratav the Insei (level 4, 0/28 HPs)
             Began as an Octopode Transmuter on Apr 1, 2022.
             Slain by Natasha (1 damage)
             ... on level 2 of the Dungeon.
             The game lasted 00:06:06 (1173 turns).

zeratav the Insei (Octopode Transmuter)             Turns: 1173, Time: 00:06:06

Health: 0/28       AC:  2    Str:  9    XL:     4   Next: 21%
Magic:  1/7        EV: 19    Int: 21    God:
Gold:   28         SH:  0    Dex: 19    Spells: 3/7 levels left

rFire   . . .      SeeInvis .     - Unarmed
rCold   . . .      Faith    .   (shield currently unavailable)
rNeg    . . .      Spirit   .   (helmet currently unavailable)
rPois   x          Reflect  .   (no amulet)
rElec   .          Harm     .   e - +6 ring of intelligence
rCorr   .          Rampage  .   (no ring)
Will    .....                   (no ring)
Stlth   ++........              (no ring)
HPRegen 0.09/turn               (no ring)
MPRegen 0.10/turn               (no ring)
                                (no ring)
                                (no ring)

@: spider-form (expiring), slowed, very slow
A: venomous fangs, almost no armour, (amphibious), 8 rings, tiny, (camouflage
1), (gelatinous body 1), (nimble swimmer 1), (tentacles)
a: End Transformation


You were on level 2 of the Dungeon.
You were a venomous arachnid creature.
You visited 1 branch of the dungeon, and saw 2 of its levels.

You collected 28 gold pieces.

Inventory:

Missiles
 c - 6 stones
Jewellery
 e - a +6 ring of intelligence (left front leg)
 g - an amulet of faith
Scrolls
 a - a scroll of vulnerability {unknown}
 d - a scroll of fog {unknown}
 f - a scroll of enchant armour {unknown}
Potions
 b - a potion of curing {unknown}
 h - a potion of heal wounds {unknown}


   Skills:
 * Level 1.5 Fighting
 + Level 2.1 Dodging
 + Level 3.7 Unarmed Combat
 + Level 2.3 Spellcasting
 + Level 2.3 Transmutations
 * Level 1.8 Poison Magic


You had 3 spell levels left.
You knew the following spells:

 Your Spells              Type           Power      Damage    Failure   Level
a - Beastly Appendage     Tmut           24%        N/A       16%         1
b - Spider Form           Tmut/Pois      11%        N/A       38%         3

Your spell library contained the following spells:

 Spells                   Type           Power      Damage    Failure   Level
 Wereblood                Tmut           12%        N/A       22%         2
 Ice Form                 Ice/Tmut       7%         N/A       83%         4


Dungeon Overview and Level Annotations

Branches:
Dungeon (2/15)

Altars:
Beogh

Annotations:
D:2 Natasha


Innate Abilities, Weirdness & Mutations

You are a venomous arachnid creature.
You have poisonous fangs.
You are tiny and dextrous.
Your spellcasting is less reliable in this form.
Your armour is entirely melded.
You are incapable of wielding weapons or throwing items.
You cannot wear most types of armour.
((You are amphibious.))
You can wear up to eight rings at the same time.
((Your skin changes colour to match your surroundings (Stealth+).))
((Your rubbery body absorbs attacks. (AC +1, EV +1)))
((You are camouflaged when in or above water. (Stealth+)))
((You have tentacles for arms and can constrict up to eight enemies at once.))


Message History

Natasha claws you. The rat misses you. The hound skeleton bites you.
You hit the rat.
You kill the rat!
Natasha closely misses you. The hound skeleton closely misses you.
The hound skeleton barely misses you. Natasha casts a spell at you.
You resist with significant effort.
You hit the hound skeleton.
The hound skeleton is severely damaged.
The hound skeleton barely misses you. Natasha completely misses you.
The hound skeleton bites you but does no damage.
You hit the hound skeleton.
The hound skeleton is almost destroyed.
Your transformation has ended.
Natasha completely misses you. The hound skeleton bites you.
Natasha misses you. The hound skeleton bites you.
Casting: Spider Form (extremely dangerous; 19% risk of failure)
Confirm with . or Enter, or press ? or * to list all spells.
The spell is extremely dangerous to miscast (19% risk of failure)!
Continue anyway?
You turn into a venomous arachnid creature.
The hound skeleton bites you. Natasha misses you. The hound skeleton bites you.
* * * LOW HITPOINT WARNING * * *
You hit the hound skeleton.
You destroy the hound skeleton!
You feel yourself speed up. Natasha claws you.
* * * LOW HITPOINT WARNING * * *
Natasha casts a spell at you.
You feel yourself slow down.
You have reached level 4!
You hit Natasha.
Natasha is poisoned.
Natasha is moderately wounded.
Your transformation is almost over.
Natasha casts a spell at you. The magic dart hits you.
* * * LOW HITPOINT WARNING * * *
You hit Natasha.
Natasha looks as sick as possible!
Natasha is heavily wounded.
Natasha claws you.
You die...

#...##
##.....##
#.......#
#........
........#
#........
#.#......
#sh.#####
#..<.....
#.#######
#.# #.#
#.# #.#
#.#
####.#


You could see Natasha (extremely poisoned).

Vanquished Creatures
  A hound skeleton (D:2)
  3 gnolls (D:2)
  A worm (D:2)
  2 dart slugs (D:1)
  2 endoplasms (D:1)
  2 giant cockroaches (D:1)
  3 hobgoblins (D:1)
  A ball python (D:1)
  3 frilled lizards (D:1)
  2 goblins (D:1)
  2 kobolds
  2 rats
24 creatures vanquished.

Vanquished Creatures (others)
  7 plants (D:2)
7 creatures vanquished.

Grand Total: 31 creatures vanquished

Notes
Turn   | Place    | Note
-------+----------+-------------------------------------------
     0 | D:1      | zeratav the Octopode Transmuter began the quest for the
                  | Orb.
     0 | D:1      | Reached XP level 1. HP: 13/13 MP: 3/3
   206 | D:1      | Reached XP level 2. HP: 12/18 MP: 3/5
   297 | D:1      | Found a faded altar of an unknown god.
   442 | D:1      | Reached skill level 1 in Poison Magic
   992 | D:2      | Reached XP level 3. HP: 23/23 MP: 4/6
   999 | D:2      | Learned a level 3 spell: Spider Form
  1159 | D:2      | Noticed Natasha
  1172 | D:2      | Reached XP level 4. HP: 5/28 MP: 1/7
  1172 | D:2      | HP: 1/28 [Natasha/magic dart (5)]
  1173 | D:2      | Slain by Natasha

Illustrated notes

Levels and vault maps discovered:
D:1:      minmay_arrival_doors, layout_basic,
          hellmonk_ecumenical_altar_defaced_shrine
D:2:      layout_loops_ring, lexackson_kobold_supper, uniq_terence,
          uniq_natasha, uniq_robin

Skill      XL: |  1  2 |
---------------+-------+-----
Poison Magic   | 1 |  1.8
Fighting       | |  1.5
Dodging        | |  2.1
Unarmed Combat | |  3.7
Spellcasting   | |  2.3
Transmutations | |  2.3

Action                   |  1- 3 |  4- 6 || total
-------------------------+-------+-------++-------
Melee: Unarmed           |    49 |     2 ||    51
       Constrict         |    13 |       ||    13
       Kick              |     8 |       ||     8
       Tentacles         |     5 |       ||     5
       Punch             |     1 |       ||     1
 Cast: Beastly Appendage |    10 |       ||    10
       Spider Form       |     3 |       ||     3
  Use: Scroll            |     3 |       ||     3
 Stab: Sleeping          |     2 |       ||     2
Armor: Skin              |     2 |       ||     2
Dodge: Dodged            |    35 |       ||    35
